 Dungeon Crawl Stone Soup version 0.32-a0-696-g5fa0bccb63 (webtiles) character file.

Game seed: 14508414361422447688

10091 Gargoyl the Cleaver (level 11, -3/69 HPs)
             Began as a Gargoyle Berserker on Mar 13, 2024.
             Was an Elder of Trog.
             Slain by a cane toad (17 damage)
             ... on level 2 of the Lair of Beasts.
             The game lasted 00:13:17 (9717 turns).

Gargoyl the Cleaver (Gargoyle Berserker)            Turns: 9717, Time: 00:13:17

Health: -3/69      AC: 19    Str: 27    XL:     11   Next: 56%
Magic:  11/11      EV: 14    Int:  8    God:    Trog [****..]
Gold:   646        SH:  0    Dex: 13    Spells: 10/10 levels left

rFire   . . .        D - +1 war axe (venom)
rCold   . . .        (no shield)
rNeg    + . .        C - +0 steam dragon scales
rPois   ∞            (no helmet)
rElec   +            x - +1 cloak
rCorr   .            p - +0 pair of gloves
SInv    .            (no boots)
Will    .....        (no amulet)
Stlth   ++++         t - +4 ring of protection
HPRegen 1.11/turn    w - +6 ring of strength
MPRegen 0.12/turn

%: no passive effects
@: studying Polearms
A: sickness immunity, AC +8, negative energy resistance 1, electricity
resistance, torment resistance 1, petrification resistance, camouflage 1,
deformed body, regeneration 1
a: Renounce Religion, Berserk, Trog's Hand, Brothers in Arms


You were on level 2 of the Lair of Beasts.
You worshipped Trog.
Trog was greatly pleased with you.
You visited 2 branches of the dungeon, and saw 12 of its levels.

You collected 714 gold pieces.
You spent 68 gold pieces at shops.

Inventory:

Hand Weapons
 m - a +2 trident of venom
 q - a +0 hand axe of flaming
 D - a +1 war axe of venom (weapon)
Missiles
 u - 12 poisoned darts (quivered)
Armour
 p - a +0 pair of gloves (worn)
 x - a +1 cloak (worn)
 C - +0 steam dragon scales (worn)
Jewellery
 t - a +4 ring of protection (left hand)
 w - a +6 ring of strength (right hand)
 F - a ring of resist corrosion
Wands
 n - a wand of paralysis (4)
 o - a wand of flame (20)
 v - a wand of polymorph (11)
 z - a wand of acid (5)
 E - a wand of mindburst (7)
Scrolls
 e - 5 scrolls of fear
 g - 2 scrolls of blinking
 y - 2 scrolls of revelation
 A - a scroll of fog
 B - 2 scrolls of teleportation
Potions
 b - a potion of attraction
 c - a potion of ambrosia
 d - 4 potions of brilliance
 f - a potion of haste
 h - 2 potions of resistance
 i - 2 potions of heal wounds
 j - 5 potions of curing
 k - 2 potions of experience
 l - a potion of enlightenment
 r - 2 potions of lignification
 s - a potion of cancellation {unknown}


   Skills:
 + Level 8.7 Fighting
 + Level 11.4 Axes
 + Level 6.9 Armour
 + Level 7.3 Dodging
 + Level 4.3 Stealth


You had 10 spell levels left.
You didn't know any spells.
Your spell library was empty.

Dungeon Overview and Level Annotations

Branches:
Dungeon (10/15)            Temple (0/1) D:5            Lair (2/5) D:10
    Orc (0/2) D:9
  Swamp: Lair:2-3    Shoals: Lair:2-3     Snake: Lair:2-3    Spider: Lair:2-3

Altars:
Dithmenos
Elyvilon
Qazlal
Ru
Sif Muna
Uskayaw
Vehumet
Wu Jian
Xom
Yredelemnul
The Shining One

Shops:
D:1 =   D:4 :   D:9 ([

Annotations:
D:1 1 exclusion


Innate Abilities, Weirdness & Mutations

You are immune to sickness and miasma.
Your stone body is resilient. (AC +8)
You are immune to poison.
You resist negative energy. (rN+)
You are resistant to electric shocks. (rElec)
You are resistant to unholy torment.
You are immune to petrification.
Your skin changes colour to match your surroundings (Stealth+).
Armour fits poorly on your strangely shaped body.
Your natural rate of healing is unusually fast.


Message History

The cane toad is lightly wounded.
The cane toad barely misses you.
You hit the cane toad but do no damage.
The cane toad is lightly wounded.
The cane toad stings you but does no damage.
Unknown command.
You hit the cane toad but do no damage.
The cane toad is lightly wounded.
The cane toad closely misses you.
The cane toad stings you but does no damage.
Unknown command.
You slash the cane toad!
The cane toad is moderately wounded.
The cane toad misses you.
Unknown command.
You hit the cane toad but do no damage.
The cane toad is moderately wounded.
The cane toad croaks.
The cane toad closely misses you.
Unknown command.
You hit the cane toad but do no damage.
The cane toad is poisoned.
The cane toad is moderately wounded.
The cane toad stings you!
Unknown command.
You slash the cane toad!
The cane toad is severely wounded.
The cane toad stings you! The cane toad completely misses you.
Unknown command.
You closely miss the cane toad. You hit the cane toad.
The cane toad misses you. x2
Unknown command.
You closely miss the cane toad. You barely miss the cane toad.
The cane toad stings you! x2
You slash the cane toad!
The cane toad is lightly wounded.
You barely miss the cane toad. The cane toad stings you!
* * * LOW HITPOINT WARNING * * *
The cane toad stings you but does no damage.
The cane toad stings you!
You die...

...........##§
..............P....##+
#.............#...##.. #
#.................#...
#^ #................#...
...#....P#.PP##.....#...
.^^^................†.#.
#^^.................#.#.
#..F@............##..
#.#.F.###..#......##.
#...# #.#.###.###..
#...# #.### ⌠.# # #....#
... .... #P...##...
.>..+ ##...##.... ..#
#...##...# #..


You could see 2 cane toads.

Vanquished Creatures
  A black mamba (Lair:1)
  2 cane toads (Lair:1)
  3 komodo dragons
  2 trolls
  A shadow (D:7)
  3 wyverns
  A basilisk (Lair:1)
  12 yaks
  3 vampire mosquitoes (D:10)
  2 steam dragons
  An acid dragon (D:10)
  8 water moccasins
  2 sky beasts
  4 orc warriors
  2 ogres
  5 black bears
  7 wolves (Lair:1)
  4 centaurs
  A kobold brigand (D:10)
  3 bullfrogs
  A gnoll sergeant (D:9)
  A scorpion (D:5)
  A wight (D:10)
  9 killer bees
  An electric eel (D:10)
  6 howler monkeys (D:9)
  A hound (D:4)
  A jelly (D:5)
  2 orc priests
  Jessica (D:2)
  Ijyb (D:4)
  3 iguanas
  10 orc wizards
  5 gnolls (D:9)
  8 adders
  2 shadow imps
  2 white imps
  A ribbon worm (D:3)
  3 dart slugs
  31 orcs
  10 endoplasms
  9 giant cockroaches
  13 goblins
  8 hobgoblins
  2 jackals (D:3)
  6 quokkas
  6 ball pythons (D:1)
  2 bats (D:1)
  2 frilled lizards (D:1)
  7 kobolds
222 creatures vanquished.

Notes
Turn   | Place    | Note
-------+----------+-------------------------------------------
     0 | D:1      | Gargoyl the Gargoyle Berserker began the quest for the Orb.
     0 | D:1      | Reached XP level 1. HP: 14/14 MP: 1/1
    68 | D:1      | You fall into a shaft and drop 1 floor!
   123 | D:1      | Found a faded altar of an unknown god.
   139 | D:1      | Reached XP level 2. HP: 18/20 MP: 2/2
   457 | D:1      | Found Ijoezeme's Jewellery Shoppe.
   483 | D:1      | Reached skill level 3 in Axes
   889 | D:2      | Reached XP level 3. HP: 24/24 MP: 3/3
  1275 | D:2      | Reached ** piety under Trog
  1393 | D:2      | Noticed Jessica
  1397 | D:2      | Killed Jessica
  1398 | D:2      | Reached XP level 4. HP: 23/29 MP: 4/4
  1848 | D:3      | Noticed an ogre
  1856 | D:3      | Killed an ogre
  1857 | D:3      | Reached skill level 4 in Axes
  1857 | D:3      | Reached XP level 5. HP: 33/33 MP: 5/5
  2096 | D:3      | Reached XP level 6. HP: 36/38 MP: 6/6
  2679 | D:4      | Noticed Ijyb
  2692 | D:4      | Killed Ijyb
  2843 | D:4      | Found a hide-covered altar of Uskayaw.
  3151 | D:4      | Reached skill level 5 in Axes
  3175 | D:4      | Found a basalt altar of Yredelemnul.
  3183 | D:4      | Found Hanlaph's Book Shop.
  3503 | D:5      | Entered Level 5 of the Dungeon
  3527 | D:5      | Found a shimmering blue altar of Sif Muna.
  3532 | D:5      | Found a sacrificial altar of Ru.
  3532 | D:5      | Found a radiant altar of Vehumet.
  3533 | D:5      | Found a glowing golden altar of the Shining One.
  3663 | D:5      | Noticed a black bear
  3667 | D:5      | Killed a black bear
  3668 | D:5      | Reached XP level 7. HP: 44/44 MP: 7/7
  3842 | D:5      | Reached skill level 1 in Stealth
  3984 | D:5      | Found a staircase to the Ecumenical Temple.
  4453 | D:6      | Reached *** piety under Trog
  4463 | D:6      | Found the +7 Kryia's mail coat {PotionHeal*2 rC+}
  4495 | D:6      | Reached skill level 5 in Fighting
  4497 | D:6      | Reached skill level 6 in Axes
  4497 | D:6      | Reached XP level 8. HP: 32/49 MP: 8/8
  4754 | D:6      | Identified the +1 robe of Jeunacsat {Dex+2}
  4779 | D:6      | Reached skill level 5 in Armour
  5420 | D:7      | Found a stormy altar of Qazlal.
  5478 | D:7      | Reached skill level 7 in Axes
  5506 | D:7      | Noticed a shadow
  5519 | D:7      | Killed a shadow
  5520 | D:7      | Reached XP level 9. HP: 55/55 MP: 9/9
  6231 | D:8      | Reached skill level 8 in Axes
  6288 | D:8      | Found an ornate altar of the Wu Jian Council.
  6645 | D:8      | Found a shadowy altar of Dithmenos.
  6673 | D:8      | Found a shimmering altar of Xom.
  7170 | D:9      | Found Ucium's Armour Shoppe.
  7171 | D:9      | Found a staircase to the Orcish Mines.
  7171 | D:9      | Found Qane's Weapon Shoppe.
  7188 | D:9      | Reached skill level 5 in Dodging
  7189 | D:9      | Reached XP level 10. HP: 61/61 MP: 10/10
  7194 | D:9      | Reached skill level 9 in Axes
  7271 | D:9      | Bought a +0 war axe of venom for 68 gold pieces
  7301 | D:9      | Reached **** piety under Trog
  7475 | D:9      | Found a white marble altar of Elyvilon.
  7930 | D:10     | Entered Level 10 of the Dungeon
  7930 | D:10     | Found a staircase to the Lair.
  7936 | D:10     | Gained mutation: Your flesh is cold resistant. (rC+)
                  | [potion of mutation]
  7936 | D:10     | Gained mutation: You occasionally lose the ability to drink
                  | potions when taking damage. [potion of mutation]
  7936 | D:10     | Gained mutation: Your muscles are strong. (Str +4, Int/Dex
                  | -1) [potion of mutation]
  7937 | D:10     | Lost mutation: You occasionally lose the ability to drink
                  | potions when taking damage. [potion of mutation]
  7937 | D:10     | Lost mutation: Your muscles are strong. (Str +4, Int/Dex
                  | -1) [potion of mutation]
  7937 | D:10     | Gained mutation: You occasionally lose the ability to drink
                  | potions when taking damage. [potion of mutation]
  7938 | D:10     | Lost mutation: You occasionally lose the ability to drink
                  | potions when taking damage. [potion of mutation]
  7938 | D:10     | Lost mutation: Your flesh is cold resistant. (rC+) [potion
                  | of mutation]
  7938 | D:10     | Gained mutation: Your natural rate of healing is unusually
                  | fast. [potion of mutation]
  7938 | D:10     | Gained mutation: Armour fits poorly on your strangely
                  | shaped body. [potion of mutation]
  7938 | D:10     | Gained mutation: Your skin changes colour to match your
                  | surroundings (Stealth+). [potion of mutation]
  8402 | D:10     | Reached skill level 10 in Axes
  8834 | Lair:1   | Entered Level 1 of the Lair of Beasts
  8936 | Lair:1   | Reached XP level 11. HP: 68/68 MP: 11/11
  9015 | Lair:1   | Reached skill level 11 in Axes
  9191 | Lair:1   | Identified the +9 mace of Igguing {freeze, Str+2}
  9717 | Lair:2   | Slain by a cane toad

Illustrated notes

Levels and vault maps discovered:
D:1:      mainiacjoe_arrival_oval_in_oval, layout_loops_ring, serial_shops,
          nicolae_shop_tiny_real_fake_doors, nicolae_ecumenical_snake_handling,
          kennysheep_pointless_box
D:2:      minmay_roachtagon, layout_loops_cross, kennysheep_jessica_study
D:3:      layout_basic
D:4:      kennysheep_the_goblin_king, layout_loops_ring, kennysheep_little_box,
          lemuel_tele_altar, serial_shops, shop
D:5:      nicolae_cairo_tiling, layout_basic,
          chequers_temple_overflow_statue_of_worship
D:6:      layout_cave_pools, item_on_display_a
D:7:      layout_gridville, amcnicky_altar_gilded
D:8:      layout_basic, nicolae_overflow_crystal_walls,
          mainiacjoe_overflow_two_lobes, minmay_misc_feat_encased,
          minmay_fountain_box
D:9:      layout_basic, general_overflow_altar, orc_david_3,
          chequers_mini_garden
D:10:     layout_roguey, lair_entry_dummy, serial_bayou, serial_bayou_pond_c,
          serial_bayou_pond_d, serial_bayou_crossing, serial_bayou_pond_b,
          enter_bailey_3
Lair:1:   layout_misc_corridors
Lair:2:   layout_regular_city, spider_nest_entry_rubble, enter_volcano_4,
          infiniplex_staircase_pool, grunt_megastairs_1, serial_bayou_shore_b

Skill      XL: |  1  2  3  4  5  6  7  8  9 10 11 |
---------------+----------------------------------+-----
Axes           | 3 4 5 6 7 8 10 11 | 11.4
Dodging        | 2 3 4 5 6 7 |  7.3
Fighting       | 4 5 6 7 8 |  8.7
Armour         | 3 4 6 |  6.9
Stealth        | 1 2 3 4 |  4.3

Action                     |  1- 3 |  4- 6 |  7- 9 | 10-12 || total
---------------------------+-------+-------+-------+-------++-------
  Melee: Hand axe          |    87 |       |   205 |    27 ||   319
         War axe           |    23 |   142 |    50 |   276 ||   491
 Invoke: Berserk           |       |     3 |     7 |     3 ||    13
         Trog's Hand       |       |     1 |     1 |     2 ||     4
    Use: Scroll            |     3 |     7 |     8 |     6 ||    24
         Potion            |       |       |     2 |     3 ||     5
   Stab: Sleeping          |       |       |       |     6 ||     6
 Armour: Animal skin       |    68 |       |       |       ||    68
         Ring mail         |    39 |   130 |   191 |       ||   360
         Steam dragon scal |       |       |    83 |   326 ||   409
  Dodge: Dodged            |    66 |    99 |   197 |   261 ||   623

Table legend: (Time is in decaauts)
 A = Elapsed time spent in this place.
 B = Non-inter-level travel time spent in this place.
 C = Inter-level travel time spent in this place.
 D = Time resting spent in this place.
 E = Time spent auto-exploring this place.
 F = Levels seen in this place.
 G = Mean time per level.
                   A        B        C        D        E       F      G
               +--------+--------+--------+--------+--------+-----+--------+
         Total |   9892 |   9599 |    293 |    461 |   6968 |  12 |  824.3 |
       Dungeon |   9007 |   8761 |    246 |    417 |   6439 |  10 |  900.7 |
          Lair |    884 |    838 |     46 |     43 |    529 |   2 |  442.0 |
               +--------+--------+--------+--------+--------+-----+--------+

Top non-repeatable levels by time:
     D:3: 1108 daAuts
     D:7: 1108 daAuts
     D:8: 1068 daAuts
    D:10: 934 daAuts
     D:5: 933 daAuts
     D:4: 926 daAuts
     D:1: 849 daAuts
  Lair:1: 823 daAuts
     D:9: 775 daAuts
     D:2: 687 daAuts
     D:6: 614 daAuts
  Lair:2: 61 daAuts
